 Seeded DCSS version 0.28-a0-1567-g1695149f81 (webtiles) character file.

Game seed: 138 (custom seed)

3451 knot the Cleaver (level 9, 0/94 HPs)
             Began as a Demonspawn Berserker on Jan 19, 2022.
             Was a Believer of Trog.
             Slain by a vampire (4 damage)
             ... on level 7 of the Dungeon.
             The game lasted 00:15:38 (10245 turns).

knot the Cleaver (Demonspawn Berserker)            Turns: 10245, Time: 00:15:39

Health: 0/94       AC:  9    Str: 18    XL:     9   Next: 78%
Magic:  9/9        EV: 15    Int: 12    God:    Trog [**....]
Gold:   321        SH:  0    Dex: 13    Spells: 8/8 levels left

rFire   + . .      SeeInvis .   h - +2 club (spect)
rCold   + . .      Faith    .   (no shield)
rNeg    . . .      Spirit   .   o - +0 ring mail {rC+}
rPois   +          Reflect  .   (helmet restricted)
rElec   .          Harm     .   x - +1 cloak {rPois}
rCorr   .          Rampage  .   f - +0 pair of gloves
Will    .....                   d - +0 pair of boots
Stlth   ..........              A - amulet of the acrobat
HPRegen 0.25/turn               e - ring of protection from fire
MPRegen 0.11/turn               u - +4 ring of evasion

@: berserking, very quick
A: antennae 2, powered by death 2, subdued magic 1
a: Renounce Religion, Berserk, Trog's Hand


You were on level 7 of the Dungeon.
You worshipped Trog.
Trog was pleased with you.
You visited 1 branch of the dungeon, and saw 8 of its levels.

You collected 321 gold pieces.

Inventory:

Hand Weapons
 a - a +0 hand axe
 h - a +2 spectral club (weapon)
 n - a +1 hand axe of flaming
Missiles
 c - 105 stones
 m - 3 boomerangs (quivered)
 D - a datura-tipped dart
Armour
 d - a +0 pair of boots (worn)
 f - a +0 pair of gloves (worn)
 o - a +0 ring mail of cold resistance (worn)
 s - a +1 leather armour of fire resistance
 x - a +1 cloak of poison resistance (worn)
Jewellery
 e - a ring of protection from fire (left hand)
 i - a ring of ice
 t - a ring of protection from fire
 u - a +4 ring of evasion (right hand)
 w - a +6 ring of dexterity
 A - an amulet of the acrobat (around neck)
Wands
 B - a wand of iceblast (12)
Scrolls
 v - a scroll of blinking
 z - a scroll of enchant armour
 E - a scroll of immolation
 F - 2 scrolls of teleportation
Potions
 b - 2 potions of might
 j - 2 potions of ambrosia
 k - 4 potions of curing
 p - 4 potions of haste
 q - a potion of flight


   Skills:
 - Level 3.0 Fighting
 * Level 9.9 Axes
 * Level 8.6 Throwing
 - Level 1.7 Armour
 - Level 1.7 Dodging


You had 8 spell levels left.
You didn't know any spells.
Your spell library contained the following spells:

 Spells                   Type           Power      Damage    Failure   Level
 Animate Skeleton         Necr           0%         N/A       45%         1
 Apportation              Tloc           0%         N/A       45%         1
 Sting                    Tmut/Pois      0%         1d3       45%         1
 Summon Small Mammal      Summ           0%         N/A       45%         1
 Sublimation of Blood     Necr           0%         N/A       61%         2
 Portal Projectile        Hex/Tloc       0%         N/A       83%         3
 Tukima's Dance           Hex            0%         N/A       83%         3
 Anguish                  Hex/Necr       0%         N/A       99%         4
 Petrify                  Tmut/Erth      0%         N/A       99%         4
 Summon Lightning Spire   Summ/Air       0%         N/A       99%         4
 Blade Hands              Tmut           0%         N/A       100%        5
 Excruciating Wounds      Necr           0%         N/A       100%        5
 Irradiate                Conj/Tmut      0%         3d14      100%        5
 Statue Form              Tmut/Erth      0%         N/A       100%        6
 Enfeeble                 Hex            0%         N/A       100%        7
 Necromutation            Tmut/Necr      0%         N/A       100%        8


Dungeon Overview and Level Annotations

Branches:
Dungeon (8/15)             Temple (0/1) D:4
   Lair: D:8-11

Altars:
Fedhas
Uskayaw
Vehumet
Wu Jian

Shops:
D:3 *   D:6 *   D:7 *


Innate Abilities, Weirdness & Mutations

You have a pair of antennae on your head.
You regenerate health from kills.
Your spells are a little easier to cast, but a little less powerful.


Message History

Something draws strength from your injuries!
You hit something but do no damage.
Your +2 spectral club hits something but does no damage.
Something barely misses you. x2
Your skin crawls.
You feel strong-willed.
You feel the effects of Trog's Hand fading.
Something hits you.
* * * LOW HITPOINT WARNING * * *
Something bites you.
* * * LOW HITPOINT WARNING * * *
Something draws strength from your injuries!
A red film seems to cover your vision as you go berserk!
You feel yourself moving faster!
You feel mighty! Something hits you but does no damage.
Something barely misses you.
You hit something but do no damage.
Your +2 spectral club hits something but does no damage.
Something completely misses you. Something bites you!
* * * LOW HITPOINT WARNING * * *
Something draws strength from your injuries!
You sock something!
Your +2 spectral club barely misses something.
Something hits you but does no damage. Something bites you but does no damage.
You hit something but do no damage.
Your +2 spectral club closely misses something.
You closely miss something.
Your +2 spectral club misses something.
Something hits you but does no damage. Something bites you but does no damage.
You thump something!
Your +2 spectral club hits something.
Something draws life force from you!
* * * LOW HITPOINT WARNING * * *
You hit something.
Your +2 spectral club hits something.
You hit something.
Your +2 spectral club hits something but does no damage.
Something barely misses your +2 spectral club.
Something misses your +2 spectral club.
You miss something.
Your +2 spectral club hits something but does no damage.
Your skin stops crawling.
You feel less strong-willed. Something hits you.
You die...

## #.#####....#.≈≈§§§.#
.###.####.....#.§≈§§§.#
..##.##.....###.≈≈≈≈≈.#
...#....#..## #..≈≈≈..#
...#..###.## #≈..∩..≈#
...#..# #.##############
..##.## #..............#
.###.# ########.##########
###..##########{@#........#
##.............(##.......[#
....##############........#
###.##############........#
###.......................#
.....#######.≈._.§........#
..#.## #.......########
#...#########...#..#
##)...............##


You could see a friendly +2 spectral club (summoned).

Vanquished Creatures
  A cyclops (D:7)
  A centaur zombie (D:6)
  An unseen horror (D:7)
  Grinder (D:3)
  A hornet (D:7)
  Edmund (D:5)
  2 water moccasins
  An orc warrior (D:8)
  A bullfrog (D:6)
  4 scorpions
  A water moccasin skeleton (D:4)
  8 wights
  5 killer bees
  A howler monkey (D:6)
  2 hounds (D:5)
  A jelly (D:7)
  A gnoll shaman (D:7)
  5 orc priests
  Crazy Yiuf (D:5)
  Jessica (D:3)
  6 iguanas
  Natasha (twice) (D:3)
  2 hound skeletons (D:4)
  A howler monkey zombie (D:5)
  5 gnolls (D:7)
  8 adders
  A white imp (D:6)
  A worm (D:2)
  6 dart slugs
  26 orcs
  5 endoplasms
  4 giant cockroaches
  5 goblins
  8 hobgoblins
  7 jackals
  7 kobolds
  3 quokkas
  6 ball pythons
  8 bats
  A frilled lizard (D:3)
  A rat (D:1)
153 creatures vanquished.

Notes
Turn   | Place    | Note
-------+----------+-------------------------------------------
     0 | D:1      | knot the Demonspawn Berserker began the quest for the Orb.
     0 | D:1      | Reached XP level 1. HP: 18/18 MP: 1/1
    24 | D:1      | Reached skill level 3 in Axes
   483 | D:1      | Gained mutation: You have a pair of small antennae on your
                  | head. [demonic ancestry]
   483 | D:1      | Reached XP level 2. HP: 24/24 MP: 2/2
   549 | D:1      | Noticed an eye of devastation
   550 | D:1      | Found a faded altar of an unknown god.
   553 | D:1      | Noticed a floating eye
   560 | D:1      | Noticed a shining eye
   606 | D:1      | Noticed a shining eye
   661 | D:1      | Got Sif Muna's Volume of Flying Transmigration
   897 | D:2      | Reached ** piety under Trog
   901 | D:2      | Reached XP level 3. HP: 29/29 MP: 3/3
  1039 | D:2      | Reached skill level 4 in Axes
  1994 | D:2      | Gained mutation: You regenerate a little health from kills.
                  | [demonic ancestry]
  1994 | D:2      | Reached XP level 4. HP: 35/35 MP: 4/4
  2427 | D:3      | Noticed Jessica
  2631 | D:3      | Killed Jessica
  2632 | D:3      | Reached skill level 1 in Throwing
  2876 | D:3      | Found Adghauck's Assorted Antiques.
  2926 | D:3      | Found an ornate altar of the Wu Jian Council.
  2960 | D:3      | Reached skill level 5 in Axes
  3008 | D:3      | Gained mutation: You have a pair of antennae on your head.
                  | [demonic ancestry]
  3008 | D:3      | Reached XP level 5. HP: 41/41 MP: 5/5
  3022 | D:3      | Noticed Grinder
  3022 | D:3      | Noticed Natasha
  3030 | D:3      | Killed Natasha
  3043 | D:3      | Killed Grinder
  3044 | D:3      | Reached XP level 6. HP: 31/47 MP: 6/6
  3331 | D:3      | Noticed Natasha
  3341 | D:3      | Killed Natasha
  4303 | D:4      | Reached skill level 6 in Axes
  5040 | D:4      | Reached XP level 7. HP: 41/52 MP: 7/7
  5129 | D:4      | Found a staircase to the Ecumenical Temple.
  5427 | D:5      | Entered Level 5 of the Dungeon
  5445 | D:5      | Found a blossoming altar of Fedhas.
  5448 | D:5      | Noticed Edmund
  5459 | D:5      | Killed Edmund
  6000 | D:5      | Found a runed translucent door.
  6001 | D:5      | Noticed Crazy Yiuf
  6012 | D:5      | Killed Crazy Yiuf
  6339 | D:5      | Reached skill level 7 in Axes
  6477 | D:5      | HP: 2/69 [wight (5)]
  6488 | D:5      | Reached skill level 5 in Throwing
  6491 | D:5      | Gained mutation: You regenerate health from kills. [demonic
                  | ancestry]
  6491 | D:5      | Reached XP level 8. HP: 28/54 MP: 8/8
  7347 | D:6      | Found Diekumi's Desiderata Depot.
  7636 | D:6      | Reached skill level 8 in Axes
  8082 | D:6      | Reached XP level 9. HP: 55/63 MP: 9/9
  8768 | D:7      | Noticed a cyclops
  8777 | D:7      | Reached skill level 9 in Axes
  8786 | D:7      | Killed a cyclops
  9151 | D:7      | Found a radiant altar of Vehumet.
  9172 | D:7      | Found a hide-covered altar of Uskayaw.
  9278 | D:7      | Killed an unseen horror
  9570 | D:7      | Found Kiti Cuo's General Store.
  9739 | D:7      | Gained mutation: Your spells are a little easier to cast,
                  | but a little less powerful. [potion of mutation]
 10023 | D:8      | Paralysed by a hornet for 3 turns
 10242 | D:7      | HP: 2/94 [something (10)]
 10245 | D:7      | Slain by a vampire

Illustrated notes

Levels and vault maps discovered:
D:1:      dpeg_arrival_rooms_a, layout_basic,
          hellmonk_ecumenical_altar_watching_god, minmay_misc_feat_nine_boxes
D:2:      layout_rooms
D:3:      layout_rooms, mainiacjoe_overflow_surrounded_room, serial_shops, shop,
          uniq_grinder, uniq_natasha, uniq_jessica
D:4:      layout_basic, minmay_temple_entry_offerings
D:5:      layout_loops_cross, mainiacjoe_overflow_alcove_1, uniq_edmund,
          uniq_crazy_yiuf_cottage
D:6:      layout_rooms, nicolae_alphabet_shops, kennysheep_donut
D:7:      layout_rooms, lemuel_tele_altar, mainiacjoe_overflow_tiny_flanked,
          serial_shops, nicolae_lakefront_shop
D:8:      layout_loops_ring, minitemple, zin_purify,
          grunt_temple_overflow_diamond, lair_entry_dummy

Skill      XL: |  1  2  3  4  5  6  7  8  9 |
---------------+----------------------------+-----
Axes           | 3 4 5 6 7 8 9 |  9.9
Throwing       | 1 2 3 5 6 8 |  8.6
Fighting       | |  3.0
Armour         | |  1.7
Dodging        | |  1.7

Action                   |  1- 3 |  4- 6 |  7- 9 || total
-------------------------+-------+-------+-------++-------
Melee: Hand axe          |    76 |    43 |       ||   119
       Club              |       |   120 |   282 ||   402
       Punch             |       |     3 |     2 ||     5
Throw: Stone             |       |     6 |     9 ||    15
       Dart              |       |       |    16 ||    16
       Boomerang         |       |       |     3 ||     3
Invok: Berserk           |     5 |     4 |     8 ||    17
       Trog's Hand       |       |     1 |     3 ||     4
Evoke: Wand              |       |       |     1 ||     1
  Use: Scroll            |       |       |    13 ||    13
       Potion            |       |       |     6 ||     6
 Stab: Sleeping          |       |     2 |       ||     2
       Distracted        |       |       |     5 ||     5
Armor: Animal skin       |    15 |    22 |       ||    37
       Ring mail         |       |    29 |    96 ||   125
Dodge: Dodged            |    77 |    90 |   198 ||   365

Table legend: (Time is in decaauts)
 A = Elapsed time spent in this place.
 B = Non-inter-level travel time spent in this place.
 C = Inter-level travel time spent in this place.
 D = Time resting spent in this place.
 E = Time spent auto-exploring this place.
 F = Levels seen in this place.
 G = Mean time per level.
                   A        B        C        D        E       F      G
               +--------+--------+--------+--------+--------+-----+--------+
         Total |  10488 |  10123 |    365 |   4880 |   4021 |   8 | 1311.0 |
       Dungeon |  10488 |  10123 |    365 |   4880 |   4021 |   8 | 1311.0 |
               +--------+--------+--------+--------+--------+-----+--------+

Top non-repeatable levels by time:
     D:7: 1718 daAuts
     D:6: 1699 daAuts
     D:1: 1450 daAuts
     D:3: 1444 daAuts
     D:5: 1442 daAuts
     D:4: 1430 daAuts
     D:2: 1243 daAuts
     D:8: 59 daAuts
